 Dungeon Crawl Stone Soup version 0.28-a0-750-g7c675f85b1 (webtiles) character file.

Game seed: 10784854857952889688

170 ytrimaz the Cutter (level 5, -10/38 (42) HPs)
             Began as a Demonspawn Fighter on Oct 29, 2021.
             Was an Initiate of Okawaru.
             Mangled by Duvessa (14 damage)
             ... on level 4 of the Dungeon.
             The game lasted 00:04:22 (3412 turns).

ytrimaz the Cutter (Demonspawn Fighter)             Turns: 3412, Time: 00:04:22

HP:   -10/38 (42)   AC: 10    Str: 17    XL:     5   Next: 26%
MP:   5/5           EV:  9    Int: 10    God:    Okawaru [......]
Gold: 81            SH:  4    Dex: 12    Spells: 4/4 levels left

rFire   . . .      SeeInvis +   a - +0 rapier
rCold   . . .      Faith    .   c - +0 buckler
rNeg    . . .      Spirit   .   b - +1 scale mail
rPois   .          Reflect  .   j - +0 helmet
rElec   .          Harm     .   (no cloak)
rCorr   .          Rampage  .   (no gloves)
Will    .....                   (no boots)
Stlth   ..........              (no amulet)
HPRegen 0.12/turn               l - ring of see invisible
MPRegen 0.09/turn               (no ring)

@: drained
A: rugged brown scales 1, weakness stinger 2
a: Renounce Religion


You were on level 4 of the Dungeon.
You worshipped Okawaru.
Okawaru was noncommittal.
You visited 1 branch of the dungeon, and saw 4 of its levels.

You collected 81 gold pieces.

Inventory:

Hand Weapons
 a - a +0 rapier (weapon)
Armour
 b - a +1 scale mail (worn)
 c - a +0 buckler (worn)
 j - a +0 helmet (worn)
Jewellery
 l - a ring of see invisible (left hand)
Scrolls
 g - a scroll of noise
Potions
 d - 2 potions of might
 e - 2 potions of lignification
 f - a potion of ambrosia
 i - a potion of curing
 k - a potion of resistance {unknown}


   Skills:
 + Level 3.5 Fighting
 * Level 3.7 Short Blades
 + Level 3.6 Armour
 + Level 3.0 Shields


You had 4 spell levels left.
You didn't know any spells.
Your spell library was empty.

Dungeon Overview and Level Annotations

Branches:
Dungeon (4/15)
 Temple: D:4-7

Altars:
Dithmenos
Okawaru
Yredelemnul

Shops:
D:2 (

Annotations:
D:4 Duvessa


Innate Abilities, Weirdness & Mutations

You are partially covered in rugged brown scales. (AC +1, +3% HP)
You have a tail ending in a sharp stinger.


Message History

You hit Dowan but do no damage. You tail-slap Dowan, but do no damage.
Dowan is heavily wounded.
Dowan closely misses you.
You hit Dowan. You tail-slap Dowan.
Dowan is almost dead.
Dowan hits you but does no damage.
You feel drained.
You miss Dowan.
Dowan is almost dead.
Dowan hits you with a +2 dagger of draining.
You feel drained.
You hit Dowan. You tail-slap Dowan.
You kill Dowan!
Okawaru is honoured by your kill.
You hear a distant scream of rage.
You have reached level 5!
Things that are here:
a +2 dagger of draining; a +0 robe You start resting.
Duvessa, Sister of Dowan comes into view.
She is wielding a +0 rapier.
Duvessa shouts!
Duvessa goes berserk!
There is a stone staircase leading up here.
Found a sapphire potion.
You hear a shout!
Okay, then.
Found a rapier.
Found a scroll labelled QEYRING UBIACH.
Duvessa barely misses you.
Found a stone staircase leading down.
Duvessa hits you with a +0 rapier. Duvessa hits you with a +0 rapier!
* * * LOW HITPOINT WARNING * * *
You feel better. Duvessa hits you with a +0 rapier!
* * * LOW HITPOINT WARNING * * *
Unknown command.
You feel better. Duvessa hits you with a +0 rapier.
Duvessa hits you with a +0 rapier!
* * * LOW HITPOINT WARNING * * *
Duvessa hits you with a +0 rapier!
You die...

#.##.#.###.#
#........).#
###.......##
#!#..##.#
#.#..# .# #
##.# # #.#
#e## #.@#
#.?# ##.#
#>. ####


You could see Duvessa (berserk).

Vanquished Creatures
  Dowan (D:4)
  Terence (D:2)
  4 adders
  2 worms (D:2)
  A dart slug (D:2)
  7 bats
  7 endoplasms
  3 goblins (D:1)
  5 hobgoblins
  A jackal (D:1)
  3 quokkas
  5 ball pythons
  A frilled lizard (D:1)
  6 kobolds
  8 rats
55 creatures vanquished.

Vanquished Creatures (others)
  3 plants (D:3)
3 creatures vanquished.

Grand Total: 58 creatures vanquished

Notes
Turn   | Place    | Note
-------+----------+-------------------------------------------
     0 | D:1      | ytrimaz the Demonspawn Fighter began the quest for the Orb.
     0 | D:1      | Reached XP level 1. HP: 18/18 MP: 1/1
   193 | D:1      | Gained mutation: You are partially covered in rugged brown
                  | scales. (AC +1, +3% HP) [demonic ancestry]
   193 | D:1      | Reached XP level 2. HP: 18/24 MP: 2/2
   730 | D:1      | Found a faded altar of an unknown god.
  1202 | D:1      | Gained mutation: You have a small tail. [demonic ancestry]
  1202 | D:1      | Reached XP level 3. HP: 25/29 MP: 3/3
  1523 | D:2      | Noticed Terence
  1534 | D:2      | Killed Terence
  1770 | D:2      | Found Deuwoc's Antique Weapon Emporium.
  1931 | D:2      | Gained mutation: You have a tail ending in a sharp stinger.
                  | [demonic ancestry]
  1931 | D:2      | Reached XP level 4. HP: 36/36 MP: 4/4
  2820 | D:3      | Found an iron altar of Okawaru.
  2866 | D:3      | Became a worshipper of Warmaster Okawaru
  3032 | D:3      | Found a basalt altar of Yredelemnul.
  3084 | D:3      | Found a shadowy altar of Dithmenos.
  3374 | D:4      | Noticed Dowan
  3387 | D:4      | Killed Dowan
  3388 | D:4      | Reached XP level 5. HP: 22/38 MP: 5/5
  3395 | D:4      | Noticed Duvessa
  3412 | D:4      | Mangled by Duvessa

Illustrated notes

Levels and vault maps discovered:
D:1:      dpeg_arrival_boxorama, layout_loops_ring,
          dreamdust_ecumenical_altar_angels_and_demons,
          minmay_misc_feat_four_crosses, minmay_pentomino_s4
D:2:      layout_loops_corners, serial_shops, shop, hangedman_decor_push,
          serial_park_tiny_pond, uniq_terence
D:3:      layout_rooms, mainiacjoe_overflow_paths, lemuel_round_altar,
          kennysheep_okawaru_gauntlet, chequers_mini_garden,
          serial_bayou_ford_a, mrwooster_statue_mirror
D:4:      old_forge, layout_basic, nemelex_spade_bored_becter, uniq_pikel,
          uniq_duvessa

Skill      XL: |  1  2  3 |
---------------+----------+-----
Short Blades   | 2 3 |  3.7
Armour         | 3 |  3.6
Shields        | 3 |  3.0
Fighting       | |  3.5

Action                   |  1- 3 |  4- 6 || total
-------------------------+-------+-------++-------
Melee: Rapier            |   112 |    62 ||   174
       Tailslap          |     7 |     8 ||    15
  Use: Scroll            |     2 |     7 ||     9
       Potion            |       |     2 ||     2
Armor: Scale mail        |    45 |    41 ||    86
Dodge: Dodged            |    59 |    37 ||    96
Block: Buckler           |    18 |    12 ||    30

Table legend: (Time is in decaauts)
 A = Elapsed time spent in this place.
 B = Non-inter-level travel time spent in this place.
 C = Inter-level travel time spent in this place.
 D = Time resting spent in this place.
 E = Time spent auto-exploring this place.
 F = Levels seen in this place.
 G = Mean time per level.
                   A        B        C        D        E       F      G
               +--------+--------+--------+--------+--------+-----+--------+
         Total |   3437 |   3329 |    108 |    509 |   2186 |   4 |  859.2 |
       Dungeon |   3437 |   3329 |    108 |    509 |   2186 |   4 |  859.2 |
               +--------+--------+--------+--------+--------+-----+--------+

Top non-repeatable levels by time:
     D:1: 1532 daAuts
     D:2: 1065 daAuts
     D:3: 799 daAuts
     D:4: 40 daAuts
